 Dungeon Crawl Stone Soup version 0.29.1-15-g9cfb28693d (webtiles) character file.

Game seed: 17891719885206074287

49 monsoonserge the Sneak (level 3, 0/36 HPs)
             Began as a Troll Delver on Apr 28, 2023.
             Slain by an orc
             ... wielding a +0 mace
              (3 damage)
             ... on level 4 of the Dungeon.
             The game lasted 00:01:57 (176 turns).

monsoonserge the Sneak (Troll Delver)                Turns: 176, Time: 00:01:58

Health: 0/36       AC:  4    Str: 22    XL:     3   Next: 53%
Magic:  2/2        EV: 10    Int:  6    God:
Gold:   7          SH:  0    Dex: 11    Spells: 2/2 levels left

rFire   . . .      SeeInvis .   a - +0 mace
rCold   . . .      Faith    .   (no shield)
rNeg    . . .      Spirit   .   b - +0 robe
rPois   .          Reflect  .   (helmet restricted)
rElec   .          Harm     .   (no cloak)
rCorr   .          Rampage  .   (gloves unavailable)
Will    .....                   (boots unavailable)
Stlth   ++........              (no amulet)
HPRegen 0.92/turn               (no ring)
MPRegen 0.08/turn               (no ring)

@: lethally poisoned (0 -> -4)
A: large, unfitting armour, claws 3, regeneration 1, shaggy fur 1, tough skin 1
a: no special abilities


You were on level 4 of the Dungeon.
You visited 1 branch of the dungeon, and saw 2 of its levels.

You collected 7 gold pieces.

Inventory:

Hand Weapons
 a - a +0 mace (weapon)
Missiles
 k - 6 stones (quivered)
Armour
 b - a +0 robe (worn)
 j - a +0 robe
Wands
 g - a wand of digging (3)
 h - a wand of quicksilver (3)
Scrolls
 c - a scroll of fog
 d - a scroll of teleportation {unknown}
 e - a scroll of fear
 l - a scroll of identify {unknown}
Potions
 f - a potion of haste
 i - 2 potions of mutation {unknown}


   Skills:
 + Level 2.9 Fighting
 + Level 2.1 Maces & Flails
 + Level 2.1 Dodging
 - Level 3.0 Stealth


You had 2 spell levels left.
You didn't know any spells.
Your spell library was empty.

Dungeon Overview and Level Annotations

Branches:
Dungeon (5/15)
 Temple: D:4-7

Altars:
Ashenzari
Elyvilon
Okawaru

Annotations:
D:5 1 runed translucent door, shadowmeld's ghost, novice DjFE


Innate Abilities, Weirdness & Mutations

You are too large for most types of armour.
You have claws for hands.
Your natural rate of healing is unusually fast.
You are covered in fur. (AC +1)
You have tough skin. (AC +1)


Message History

The water moccasin is moderately wounded.
The orc barely misses you.
The water moccasin bites you but does no damage.
The orc misses you.
You hit the water moccasin but do no damage.
The water moccasin is moderately wounded.
The water moccasin barely misses you. x2; The orc hits you with a +0 mace!
You barely miss the water moccasin.
The water moccasin is moderately wounded.
The water moccasin bites you but does no damage.
The orc barely misses you. The water moccasin barely misses you.
You hit the water moccasin.
The water moccasin is moderately wounded.
The water moccasin bites you. The orc barely misses you.
The water moccasin bites you. The orc completely misses you.
You hit the water moccasin.
The water moccasin is moderately wounded.
The water moccasin bites you but does no damage.
The orc closely misses you.
The water moccasin bites you but does no damage.
You sock the water moccasin!
The water moccasin is severely wounded.
The water moccasin bites you.
You are poisoned.
The water moccasin poisons you! The orc hits you with a +0 mace.
The water moccasin bites you but does no damage.
You barely miss the water moccasin.
The water moccasin is severely wounded.
You feel very sick. The orc barely misses you.
The water moccasin bites you but does no damage.
The orc hits you with a +0 mace!
* * * LOW HITPOINT WARNING * * *
You hit the water moccasin.
The water moccasin is almost dead.
* * * LOW HITPOINT WARNING * * *
You feel very sick. The water moccasin barely misses you.
The water moccasin closely misses you. The orc hits you with a +0 mace.
You die...

*********** *,,,**,,,,*
*,*,,,,**,* *,*****,,,**
*,***,,,*,,*****
*,,,,,,,,,,,,,,*
**,,,########,,*
#..*#....o.##,*
#..#..#..#@.#,*
#..#._#..#S.#,*
#..#.o#..#..#,*
#..#⌠.#..#.⌠#,* ***
#..####''####.* *,,
#....8#..#8...** *,*
#....'....+,,,,* *****,*
#....8####8...,******,,<,,,
#..............,,,,,,,,,***


You could see a water moccasin and an orc.

Vanquished Creatures
  A hound (D:4)
  2 adders (D:5)
  An orc (D:5)
4 creatures vanquished.

Notes
Turn   | Place    | Note
-------+----------+-------------------------------------------
     0 | D:5      | monsoonserge the Troll Delver began the quest for the Orb.
     0 | D:5      | Reached XP level 1. HP: 22/22 MP: 0/0
    40 | D:5      | Found an iron altar of Okawaru.
    53 | D:5      | Reached skill level 3 in Stealth
    53 | D:5      | Reached XP level 2. HP: 25/29 MP: 1/1
    72 | D:5      | Found a runed translucent door.
    85 | D:5      | Noticed shadowmeld's ghost (novice DjFE)
   112 | D:4      | Reached XP level 3. HP: 36/36 MP: 2/2
   142 | D:4      | Found a large runed translucent door.
   142 | D:4      | Found a large runed translucent door.
   161 | D:4      | Found a broken altar of Ashenzari.
   164 | D:4      | Found a white marble altar of Elyvilon.
   164 | D:4      | Noticed a water moccasin
   176 | D:4      | Slain by an orc

Illustrated notes

Levels and vault maps discovered:
D:4:      layout_loops_ring, jmf_multi_god_temple2
D:5:      layout_rooms, okawaru_metal_pillars_1_2,
          hellmonk_ghost_happy_afterlife

Skill      XL: |  1  2 |
---------------+-------+-----
Stealth        | 3 |  3.0
Maces & Flails | 2 |  2.1
Dodging        | 2 |  2.1
Fighting       | |  2.9

Action                   || total
-------------------------++-------
Melee: Mace              ||    41
  Use: Scroll            ||     2
Armor: Robe              ||    19
Dodge: Dodged            ||    39
